 Dungeon Crawl Stone Soup version 0.29.0-4-gdea44cf6ec (webtiles) character file.

Game seed: 9845000825589994121

119 qw the Chopper (level 5, -2/30 HPs)
             Began as a Tengu Warper on Aug 28, 2022.
             Slain by a gnoll
             ... wielding a +0 halberd
              (7 damage)
             ... on level 3 of the Dungeon.
             The game lasted 00:00:10 (2038 turns).

qw the Chopper (Tengu Warper)                       Turns: 2038, Time: 00:00:11

Health: -2/30      AC:  8    Str: 13    XL:     5   Next: 3%
Magic:  9/9        EV:  7    Int: 14    God:
Gold:   130        SH:  0    Dex: 13    Spells: 8/8 levels left

rFire   . . .      SeeInvis .   Y - +0 hand axe
rCold   . . .      Faith    .   (no shield)
rNeg    . . .      Spirit   .   o - +0 chain mail
rPois   .          Reflect  .   (helmet restricted)
rElec   .          Harm     .   (no cloak)
rCorr   .          Rampage  .   (no gloves)
Will    .....                   (boots unavailable)
Stlth   ..........              (no amulet)
HPRegen 0.10/turn               (no ring)
MPRegen 0.11/turn               (no ring)

@: about to teleport, flying quickly and evasively, quick
A: beak, talons 3, nimble flight
a: no special abilities


You were on level 3 of the Dungeon.
You visited 1 branch of the dungeon, and saw 3 of its levels.

You collected 130 gold pieces.


Innate Abilities, Weirdness & Mutations

You have a beak for a mouth.
You have claws for feet.
Your magical nature lets you fly swiftly and evasively.


   Skills:
 - Level 2.0 Fighting
 + Level 5.5 Axes
 - Level 1.0 Throwing
 - Level 1.1 Armour
 - Level 2.1 Dodging
 - Level 2.0 Spellcasting
 - Level 2.4 Translocations


You had 8 spell levels left.
You didn't know any spells.
Your spell library contained the following spells:

 Spells                   Type           Power      Damage    Failure   Level
 Blink                    Tloc           16%        N/A       99%         2
 Gell's Gravitas          Tloc           8%         N/A       100%        3
 Lesser Beckoning         Tloc           8%         N/A       100%        3
 Teleport Other           Tloc           8%         N/A       100%        3
 Manifold Assault         Tloc           8%         N/A       100%        5

Inventory:

Hand Weapons
 l - a +0 whip
 Y - a +0 hand axe (weapon)
Armour
 o - a +0 chain mail (worn)
Potions
 a - a potion of haste {unknown}
 c - 2 potions of mutation {unknown}
 e - a potion of curing
 n - a potion of attraction {unknown}

Dungeon Overview and Level Annotations

Branches:
Dungeon (3/15)

Altars:


Message History

You see here a +0 dagger.
The bat hits you but does no damage.
A gnoll comes into view. It is wielding a +0 halberd.
The gnoll hits you from afar with a +0 spear.
A gnoll comes into view. It is wielding a +0 club.
The gnoll hits you but does no damage.
The gnoll shouts!
You hit the gnoll. You claw the gnoll. Your peck misses the gnoll.
The gnoll is moderately wounded.
You barely miss the bat. The bat hits you but does no damage.
The gnoll hits you but does no damage. x2
You completely miss the gnoll. You claw the gnoll! You peck the gnoll.
You kill the gnoll!
You closely miss the bat. The bat barely misses you.
The gnoll hits you from afar with a +0 spear.
The bat hits you but does no damage. The gnoll hits you with a +0 spear.
You slash the gnoll! You peck the gnoll.
You kill the gnoll!
You barely miss the bat. The bat hits you but does no damage.
You hit the gnoll. You claw the gnoll.
The gnoll is severely wounded.
You hit the bat.
You kill the bat!
The gnoll barely misses you.
You hit the gnoll.
You kill the gnoll!
The gnoll hits you but does no damage.
You have reached level 5!
Your magical nature develops, letting you fly swiftly and evasively.
The gnoll hits you with a +0 halberd.
Items here: $ %% )).
You closely miss the gnoll. The gnoll hits you with a +0 halberd!
2038 ||| READING scroll of teleportation.
As you read the scroll of teleportation, it crumbles to dust.
You feel strangely unstable. The gnoll hits you with a +0 halberd!
You die...

# .. #...... #.##.##
. #......### .##...
.. #........###.....
.. .......#....<....
.. #........#... #.#
.# #......#...#
##.##..##..
#......#...#
#..@g......
#......<...#
#).##.###..
.......#%#####..##.#
...........#.).....#
.............#....##
...#........##....#
.. #........##....#
. ................#
............#....#


You could see a gnoll.

Vanquished Creatures
  Jessica (D:2)
  3 gnolls (D:3)
  2 adders (D:2)
  2 ball pythons (D:1)
  An endoplasm (D:1)
  A giant cockroach (D:2)
  4 goblins
  3 hobgoblins
  10 jackals (D:2)
  4 quokkas
  3 bats
  2 frilled lizards
  5 kobolds
  4 rats
45 creatures vanquished.

Notes
Turn   | Place    | Note
-------+----------+-------------------------------------------
     0 | D:1      | qw the Tengu Warper began the quest for the Orb.
     0 | D:1      | Reached XP level 1. HP: 12/12 MP: 4/4
     0 | D:1      | 0 ||| qw: Version: 0.1-a-89-g26bdef1
     0 | D:1      | 0 ||| qw: Game counter: 1317
     0 | D:1      | 0 ||| qw: Always use a shield: true
     0 | D:1      | 0 ||| qw: God list: Okawaru
     0 | D:1      | 0 ||| qw: Allow faded altars: false
     0 | D:1      | 0 ||| qw: Do Orc after D:15 true
     0 | D:1      | 0 ||| qw: Do second Lair branch before Depths: true
     0 | D:1      | 0 ||| qw: Lair rune preference: random
     0 | D:1      | 0 ||| qw: Plans: Normal
     0 | D:1      | 0 ||| PLANNING D:1-11
   132 | D:1      | 132 ||| Stepping ~*~*~tactically~*~*~ (stealth).
   188 | D:1      | HP: 3/12 [quokka (2)]
   191 | D:1      | Reached XP level 2. HP: 5/17 MP: 6/6
   444 | D:1      | Reached skill level 3 in Axes
   645 | D:1      | 645 ||| DROPPING +0 club.
   961 | D:1      | 961 ||| UPGRADING to +0 ring mail.
   971 | D:1      | 971 ||| DROPPING +0 leather armour.
   972 | D:1      | 972 ||| UPGRADING to +0 scale mail.
   982 | D:1      | 982 ||| DROPPING +0 ring mail.
   983 | D:1      | 983 ||| UPGRADING to +0 chain mail.
   993 | D:1      | 993 ||| DROPPING +0 scale mail.
   994 | D:1      | 994 ||| DROPPING amulet of faith.
   995 | D:1      | 995 ||| READING scroll labelled QONE NUCRARU.
   996 | D:1      | 996 ||| READING scroll labelled EBEAK HOULA.
   997 | D:1      | 997 ||| READING scroll labelled SAVIDE WURIO.
  1000 | D:1      | 1000 ||| READING scroll labelled GEOQURH HOSAN.
  1001 | D:1      | 1001 ||| DRINKING 3 viscous orange potions.
  1002 | D:1      | 1002 ||| DROPPING scroll of blinking.
  1003 | D:1      | 1003 ||| DROPPING 2 potions of flight.
  1129 | D:2      | Reached XP level 3. HP: 14/21 MP: 7/7
  1136 | D:2      | Reached skill level 4 in Axes
  1373 | D:2      | 1373 ||| Stepping ~*~*~tactically~*~*~ (stealth).
  1598 | D:2      | Reached XP level 4. HP: 26/26 MP: 8/8
  1829 | D:2      | Noticed Jessica
  1837 | D:2      | Killed Jessica
  1838 | D:2      | Reached skill level 5 in Axes
  1981 | D:2      | 1981 ||| DRINKING 2 glowing golden potions.
  2036 | D:3      | Gained mutation: Your magical nature lets you fly swiftly
                  | and evasively. [Tengu growth]
  2036 | D:3      | Reached XP level 5. HP: 20/30 MP: 9/9
  2037 | D:3      | HP: 5/30 [gnoll/+0 halberd (12)]
  2038 | D:3      | 2038 ||| READING scroll of teleportation.
  2038 | D:3      | Slain by a gnoll

Levels and vault maps discovered:
D:1:      saegor_arrival_simple_a, layout_loops_cross,
          chequers_serial_rivers_micro_c
D:2:      layout_loops_ring, uniq_jessica
D:3:      layout_rooms

Skill      XL: |  1  2  3  4 |
---------------+-------------+-----
Axes           | 3 4 5 |  5.5
Fighting       | |  2.0
Throwing       | |  1.0
Armour         | |  1.1
Dodging        | |  2.1
Spellcasting   | |  2.0
Translocations | |  2.4

Action                   |  1- 3 |  4- 6 || total
-------------------------+-------+-------++-------
Melee: Hand axe          |    93 |    17 ||   110
       Kick              |    18 |     5 ||    23
       Peck              |    18 |     3 ||    21
       Punch             |     1 |       ||     1
Throw: Boomerang         |     7 |       ||     7
  Use: Scroll            |     4 |     1 ||     5
       Potion            |     1 |     1 ||     2
Armor: Leather armour    |     4 |       ||     4
       Chain mail        |    53 |    12 ||    65
Dodge: Dodged            |    33 |     3 ||    36

Table legend:
 A = Non-vault XP
 B = Vault XP
 C = Vault XP percentage of total XP
 D = Non-vault monster count
 E = Vault monster count
 F = Vault count percentage of total count
                 A         B        C        D         E       F
            +---------+---------+-------+---------+---------+-------
      Total |     133 |      37 |  21.8 |      44 |       1 |   2.2
            +---------+---------+-------+---------+---------+-------
        D:1 |      23 |       0 |   0.0 |      15 |       0 |   0.0
        D:2 |      63 |      37 |  37.0 |      23 |       1 |   4.2
        D:3 |      47 |       0 |   0.0 |       6 |       0 |   0.0
            +---------+---------+-------+---------+---------+-------
